 Dungeon Crawl Stone Soup version 0.25.1-2-g60ff931df9 (webtiles) character file.

Game seed: 135194517205234184

282 soggyman666 the Insei (level 6, -1/44 HPs)
             Began as a Merfolk Transmuter on Nov 3, 2020.
             Slain by a worker ant (5 damage)
             ... on level 3 of the Dungeon.
             The game lasted 00:09:35 (4151 turns).

soggyman666 the Insei (Merfolk Transmuter)          Turns: 4151, Time: 00:09:36

Health: -1/44      AC:  3    Str: 11    XL:     6   Next: 28%
Magic:  10/10      EV: 14    Int: 13    God:
Gold:   173        SH:  0    Dex: 15    Spells: 10/11 levels left

rFire    . . .     SeeInvis .     - Unarmed
rCold    . . .     Gourm    .   (no shield)
rNeg     . . .     Faith    .   b - +0 robe
rPois    .         Spirit   .   (no helmet)
rElec    .         Reflect  .   h - +0 cloak
rCorr    .         Harm     .   (no gloves)
MR       .....                  (no boots)
Stlth    ++........             (no amulet)
HPRegen  0.14/turn              (no ring)
MPRegen  0.12/turn              (no ring)

@: lethally poisoned (-1 -> -10), appendage (expiring)
A: change form in water, swift swim, stealthy swim, horns 2
a: End Transformation


You were on level 3 of the Dungeon.
You were hungry.
You had grown temporary horns.
You visited 1 branch of the dungeon, and saw 4 of its levels.

You collected 173 gold pieces.

Inventory:

Missiles
 a - 41 arrows
Armour
 b - a +0 robe (worn)
 h - a +0 cloak (worn)
Wands
 j - a wand of enslavement (8)
Scrolls
 c - 2 scrolls of teleportation
 e - 3 scrolls of immolation
 f - a scroll of enchant weapon {unknown}
 i - a scroll of fog {unknown}
 m - a scroll of identify
Potions
 k - a potion of might {unknown}
 l - a potion of cancellation {unknown}
Comestibles
 d - 6 rations


   Skills:
 + Level 1.7 Fighting
 + Level 4.0 Dodging
 + Level 2.0 Stealth
 + Level 5.3 Unarmed Combat
 + Level 3.0 Spellcasting
 + Level 4.0 Transmutations


You had 10 spell levels left.
You knew the following spells:

 Your Spells              Type           Power        Failure   Level  Hunger
a - Beastly Appendage     Tmut           ##....       4%          1    #......

Your spell library contained the following spells:

 Spells                   Type           Power        Failure   Level  Hunger
 Sticks to Snakes         Tmut           ##......     7%          2    ###....
 Spider Form              Tmut/Pois      #.........   30%         3    ###....
 Ice Form                 Ice/Tmut       #.......     69%         4    #####..
 Blade Hands              Tmut           ##........   77%         5    ######.


Dungeon Overview and Level Annotations

Branches:
Dungeon (4/15)
 Temple: D:4-7

Altars:


Innate Abilities, Weirdness & Mutations

You revert to your normal form in water.
You are very nimble and swift while swimming.
You are very stealthy in the water. (Stealth+)
You have a pair of horns on your head.


Message History

The hound bites you. The jackal barely misses you. The worker ant bites you!
* * * LOW HITPOINT WARNING * * *
You are more poisoned.
The worker ant poisons you! The hound bites you but does no damage.
You barely miss the worker ant.
The worker ant is lightly wounded.
* * * LOW HITPOINT WARNING * * *
You feel sick. The jackal closely misses you. The hound misses you.
The worker ant bites you but does no damage.
The jackal bites you.
* * * LOW HITPOINT WARNING * * *
You hit the hound. You headbutt the hound.
The hound is severely wounded.
* * * LOW HITPOINT WARNING * * *
You feel sick. The hound bites you.
* * * LOW HITPOINT WARNING * * *
The jackal bites you.
* * * LOW HITPOINT WARNING * * *
The worker ant bites you.
You die...

..# #.##### #(....#
#...#.# .####.# ##
#.# ## #.## .#
#..### ####
.#####...## #@a#
....####..# #hh#
..>..<.##.# #..#
.#.##...#.# #..#
##.##.#...## #..#
##.........# #..#
###.♣.♣....### #..#
.#♣♣.♣..♣..♣.###..#
..#.♣♣♣♣♣♣.♣♣.#...#


You could see a hound, a worker ant and a jackal.

Vanquished Creatures
  A sky beast (D:2)
  A black bear (D:3)
  A hound (D:3)
  2 adders
  A worm (D:2)
  A dart slug (D:1)
  2 leopard geckos
  A giant cockroach (D:1)
  6 goblins
  5 hobgoblins
  A jackal (D:4)
  A ball python (D:3)
  12 bats
  2 frilled lizards
  7 kobolds
  12 rats
  A plant (D:1)
57 creatures vanquished.

Notes
Turn   | Place    | Note
-------+----------+-------------------------------------------
     0 | D:1      | soggyman666 the Merfolk Transmuter began the quest for the
                  | Orb.
     0 | D:1      | Reached XP level 1. HP: 15/15 MP: 3/3
   220 | D:1      | Reached XP level 2. HP: 11/21 MP: 5/5
  1129 | D:2      | Reached skill level 4 in Unarmed Combat
  1129 | D:2      | Reached XP level 3. HP: 12/26 MP: 4/6
  1532 | D:2      | Reached skill level 1 in Stealth
  2299 | D:2      | Noticed a sky beast
  2306 | D:2      | HP: 1/26 [sky beast (5)]
  2491 | D:3      | Reached XP level 4. HP: 15/32 MP: 5/7
  3029 | D:2      | Killed a sky beast
  3029 | D:2      | Reached XP level 5. HP: 8/37 MP: 8/8
  3620 | D:3      | Reached skill level 5 in Unarmed Combat
  3636 | D:3      | Noticed a black bear
  3652 | D:3      | Killed a black bear
  3652 | D:3      | Reached XP level 6. HP: 33/44 MP: 8/10
  3882 | D:3      | Found a faded altar of an unknown god.
  4151 | D:3      | Slain by a worker ant

Illustrated notes

Levels and vault maps discovered:
D:1:      eino_arrival_druids_welcome, layout_loops_ring, corexii_hall_statues_l
D:2:      layout_basic, chequers_serial_rivers_marsh
D:3:      wander_river, layout_rooms, chequers_ecumenical_altar_grove,
          corexii_corridor_pit, st_stairs_7
D:4:      layout_cave_pools, first_ration

Skill      XL: |  1  2  3  4  5 |
---------------+----------------+-----
Transmutations | 3 4 |  4.0
Dodging        | 3 4 |  4.0
Unarmed Combat | 4 5 |  5.3
Stealth        | 1 2 |  2.0
Spellcasting   | 3 |  3.0
Fighting       | |  1.7

Action                   |  1- 3 |  4- 6 || total
-------------------------+-------+-------++-------
Melee: Unarmed           |   142 |    74 ||   216
       Punch             |     3 |     1 ||     4
       Tailslap          |     1 |     1 ||     2
       Headbutt          |     5 |    10 ||    15
 Cast: Beastly Appendage |    12 |     9 ||    21
  Use: Scroll            |     5 |       ||     5
       Potion            |     1 |     1 ||     2
 Stab: Sleeping          |     4 |       ||     4
  Eat: Chunk             |     5 |     5 ||    10
Armor: Robe              |    12 |    21 ||    33
Dodge: Dodged            |    68 |    74 ||   142
